 Dungeon Crawl Stone Soup version 0.18.1-50-g88ac8fd (webtiles) character file.

8516 magog001 the Blocker (level 11, -8/94 HPs)
             Began as a Minotaur Fighter on Aug 21, 2017.
             Was an Elder of Nemelex Xobeh.
             Mangled by an ettin
             ... wielding a cursed -2 dire flail
              (30 damage)
             ... on level 1 of the Orcish Mines on Aug 22, 2017.
             The game lasted 01:01:19 (9834 turns).

magog001 the Blocker (Minotaur Fighter)             Turns: 9834, Time: 01:01:21

Health: -8/94      AC: 23    Str: 24    XL:     11   Next: 10%
Magic:  11/11      EV:  8    Int:  5    God:    Nemelex Xobeh [****..]
Gold:   787        SH: 13    Dex: 13    Spells: 0 memorised, 10 levels left

rFire  . . .     SeeInvis .     C - +4 war axe (venom)
rCold  . . .     Gourm    .     K - +0 plate armour
rNeg   . . .     Faith    .     c - +0 shield
rPois  .         Spirit   .     (helmet restricted)
rElec  .         Dismiss  .     z - +0 cloak
rCorr  .         Reflect  .     a - +1 pair of gloves {Dex+3}
SustAt .         Harm     .     B - +0 pair of boots
MR     .....                    (no amulet)
Stlth  ..........               (no ring)
                                (no ring)

@: not resistant to hostile enchantments, extremely unstealthy
A: retaliatory headbutt, horns 2, talons 1, slimy green scales 1, thin metallic
scales 1, subdued magic 1, MP-powered wands
a: Triple Draw, Deal Four, Renounce Religion


You were on level 1 of the Orcish Mines.
You worshipped Nemelex Xobeh.
Nemelex Xobeh was greatly pleased with you.
You were hungry.

You visited 2 branches of the dungeon, and saw 10 of its levels.
You also visited: Bailey.

You collected 904 gold pieces.
You spent 117 gold pieces at shops.

Inventory:

Hand Weapons
 C - a +4 war axe of venom (weapon)
 J - a +2 dagger of venom
 M - a +1 hunting sling
 O - the +3 flail "Ocias" {crush, SInv}
   (You found it on level 6 of the Dungeon)

   It inflicts extra damage upon your enemies.
   It lets you see invisible.
Missiles
 e - 61 poisoned needles
 v - 75 sling bullets
 A - 209 stones
 P - 7 javelins
 U - 6 poisoned javelins
 V - 45 tomahawks of returning (quivered)
 Z - 2 tomahawks
Armour
 a - a +1 pair of gloves of dexterity (worn)
 c - a +0 shield (worn)
 z - a +0 cloak (worn)
 B - a +0 pair of boots (worn)
 K - a +0 plate armour (worn)
Wands
 l - a wand of acid (12/15)
 s - a wand of digging (9/24)
 y - a wand of acid (3/15)
 T - a wand of lightning (9/15)
Scrolls
 g - a scroll of fear
 m - 6 scrolls of remove curse
 n - a scroll of fog {unknown}
 D - 3 scrolls of identify
 E - a scroll of blinking {unknown}
 X - a scroll of magic mapping
Potions
 b - a potion of agility {unknown}
 d - a potion of might
 i - 2 potions of haste {unknown}
 j - a potion of brilliance
 r - a potion of berserk rage {unknown}
 x - 4 potions of curing {unknown}
 F - 6 potions of flight
 H - a potion of lignification {unknown}
 I - a potion of resistance {unknown}
 N - a potion of magic {unknown}
 S - a potion of mutation {unknown}
Miscellaneous
 k - an ornate deck of escape
 q - a plain deck of destruction {drawn: 1}
 t - a legendary deck of escape
 u - an ornate deck of war {drawn: 1}
 G - a plain deck of war
 L - a plain deck of summoning {drawn: 2}
 Q - an ornate deck of destruction
Comestibles
 f - 9 bread rations
 h - 4 chunks of flesh
 o - 6 fruits
 p - 3 slices of pizza
 w - 9 beef jerkies
 R - 2 meat rations


   Skills:
 + Level 8.2 Fighting
 + Level 0.7 Short Blades
 + Level 6.2(7.3) Axes
 + Level 5.9(7.2) Maces & Flails
 + Level 7.3 Slings
 + Level 9.6 Armour
 + Level 4.8 Dodging
 + Level 1.5 Stealth
 + Level 11.0 Shields
 + Level 2.3 Evocations


You had 10 spell levels left.
You didn't know any spells.

Dungeon Overview and Level Annotations

Branches:
Dungeon (9/15)               Lair (0/8) D:9             Orc (1/2) D:9
 Temple: D:4-7

Altars:
Cheibriados
Dithmenos
Gozag
Kikubaaqudgha
Makhleb
Nemelex Xobeh
Qazlal
Trog
Vehumet
Xom
Zin

Shops:
D:7 [   D:8 %


Innate Abilities, Weirdness & Mutations

You reflexively headbutt those who attack you in melee.
You have a pair of horns on your head.
You have sharp toenails.
You are partially covered in slimy green scales (AC +2).
You are partially covered in thin metallic scales (AC +2).
Your spells are a little easier to cast, but a little less powerful.
You expend magic power (3 MP) to strengthen your wands.


Message History

You hit the ettin but do no damage.
You headbutt the ettin, but do no damage.
The ettin is heavily wounded.
You hit the orc wizard.
You kill the orc wizard!
The orc warrior hits you from afar with a glaive.
The ettin hits you but does no damage. The ettin hits you with a dire flail!
You block the orc warrior's attack.
You hit the ettin. You headbutt the ettin.
The ettin is severely wounded.
You block the orc warrior's attack. You block the ettin's attack.
The ettin hits you with a dire flail. The orc warrior closely misses you.
Unknown command.
You hit the ettin but do no damage. You headbutt the ettin.
The ettin is severely wounded.
The orc warrior hits you from afar with a glaive!
* * * LOW HITPOINT WARNING * * *
The ettin hits you with an enchanted dire flail!!
You die...
Your body glows with a rainbow of weird colours and disappears.

.... ..$....
##..$.......#
.....$......
##...#.......
#............
#.........##...
##............#
#...)[.....>..
##.@>)......#
##C).......#
##oo......####
#..........#.##.
##..............
##[.##.........
##...##.....$.#
#...##...##.o..
##.#.oo.###.#..


You could see an ettin and 2 orc warriors.

Vanquished Creatures
  An orc knight (Bailey)
  2 orc sorcerers (Orc:1)
  An octopode (D:9)
  Maurice (D:9)
  A troll (D:9)
  Grinder (D:5)
  4 yaks (D:9)
  A warg (D:9)
  A water moccasin (D:6)
  An ice beast (D:6)
  A black bear (D:7)
  7 orc warriors
  4 sky beasts
  5 ogres
  2 phantoms
  4 centaurs
  2 crocodiles
  9 giant frogs
  A scorpion (D:5)
  4 killer bees (D:7)
  3 howler monkeys
  A centaur zombie (D:7)
  4 giant frog zombies
  4 hounds
  2 jellies
  A crimson imp (D:7)
  7 orc priests
  2 iguanas
  10 orc wizards
  6 worker ants
  2 hound zombies
  A hound skeleton (D:6)
  A worker ant zombie (D:9)
  2 howler monkey skeletons
  A gnoll (Bailey)
  10 adders
  6 river rats (D:9)
  A shadow imp (D:8)
  An ooze (D:1)
  A dart slug (D:1)
  6 giant geckos
  34 orcs
  9 bats
  7 giant cockroaches
  16 goblins
  16 hobgoblins
  3 jackals
  20 kobolds
  7 quokkas
  A giant cockroach zombie (D:6)
  4 giant newts
  13 rats
255 creatures vanquished.

Vanquished Creatures (collateral kills)
  An anubis guard (Bailey)
  An orc sorcerer (Orc:1)
  2 hippogriffs (D:9)
  An orc warrior (D:9)
  A wasp (D:9)
  A centaur (Bailey)
  An orc wizard (Orc:1)
  3 orcs (D:9)
  A goblin (Bailey)
  A jackal (Bailey)
  A quokka (D:9)
14 creatures vanquished.

Vanquished Creatures (others)
  A fungus (D:9)
  A plant (D:9)
2 creatures vanquished.

Grand Total: 271 creatures vanquished

Notes
Turn   | Place    | Note
--------------------------------------------------------------
     0 | D:1      | magog001 the Minotaur Fighter began the quest for the Orb.
     0 | D:1      | Reached XP level 1. HP: 19/19 MP: 0/0
    42 | D:1      | Reached skill level 4 in Shields
    52 | D:1      | Reached XP level 2. HP: 27/27 MP: 1/1
   923 | D:2      | Reached XP level 3. HP: 33/33 MP: 2/2
   996 | D:2      | Found a stormy altar of Qazlal.
   999 | D:2      | Found a sparkling altar of Nemelex Xobeh.
  1009 | D:2      | Became a worshipper of Nemelex Xobeh the Trickster
  1057 | D:2      | Received a gift from Nemelex Xobeh
  1381 | D:3      | Reached skill level 1 in Dodging
  1489 | D:3      | Reached XP level 4. HP: 40/40 MP: 3/3
  1664 | D:3      | Received a gift from Nemelex Xobeh
  1666 | D:3      | Found a faded altar to an unknown god.
  1777 | D:3      | Noticed a centaur
  1784 | D:3      | Killed a centaur
  1784 | D:3      | Reached XP level 5. HP: 21/47 MP: 4/4
  2009 | D:3      | Reached * piety under Nemelex Xobeh
  2210 | D:3      | Reached skill level 5 in Shields
  2226 | D:3      | Reached XP level 6. HP: 31/55 MP: 5/5
  2234 | D:3      | Reached skill level 5 in Armour
  2796 | D:3      | Found a bloodstained altar of Trog.
  3028 | D:4      | Reached skill level 5 in Fighting
  3232 | D:4      | Found a snail-covered altar of Cheibriados.
  3299 | D:4      | Received a gift from Nemelex Xobeh
  3435 | D:4      | Got a twisted ring mail
  3450 | D:4      | Identified the +2 ring mail of Lugonu's Reproof {rC++ MR-} (You found it on level 4 of the Dungeon)
  3544 | D:4      | Reached XP level 7. HP: 57/61 MP: 6/6
  3742 | D:5      | Entered Level 5 of the Dungeon
  3773 | D:5      | Gained mutation: You are partially covered in slimy green scales (AC +2). [mutagenic meat]
  3774 | D:5      | Gained mutation: You have sharp toenails. [mutagenic meat]
  3776 | D:5      | Gained mutation: Your spells are a little easier to cast, but a little less powerful. [mutagenic meat]
  3777 | D:5      | Gained mutation: You are partially covered in thin metallic scales (AC +2). [mutagenic meat]
  3778 | D:5      | Gained mutation: You expend magic power (3 MP) to strengthen your wands. [mutagenic meat]
  3808 | D:5      | Noticed Grinder
  3858 | D:5      | Paralysed by Grinder for 3 turns
  3863 | D:5      | Killed Grinder
  3863 | D:5      | Reached skill level 6 in Shields
  4107 | D:5      | Reached ** piety under Nemelex Xobeh
  4145 | D:5      | Found a shimmering altar of Xom.
  4196 | D:5      | Found a glowing silver altar of Zin.
  4236 | D:5      | Received a gift from Nemelex Xobeh
  4458 | D:5      | Reached XP level 8. HP: 40/70 MP: 7/7
  4718 | D:6      | Received a gift from Nemelex Xobeh
  4745 | D:6      | Reached skill level 7 in Shields
  4758 | D:6      | Reached skill level 5 in Axes
  4907 | D:6      | Reached skill level 1 in Slings
  5003 | D:6      | Got a steaming flail
  5004 | D:6      | Identified the cursed +3 flail "Ocias" {crush, SInv} (You found it on level 6 of the Dungeon)
  5126 | D:6      | Reached skill level 8 in Shields
  5215 | D:6      | Found an ancient bone altar of Kikubaaqudgha.
  5301 | D:6      | Reached XP level 9. HP: 70/78 MP: 8/8
  5554 | D:7      | Found a flagged portal.
  5558 | D:7      | Reached skill level 1 in Maces & Flails
  5599 | Bailey   | Entered a bailey
  5686 | Bailey   | Noticed an orc knight
  5694 | Bailey   | Noticed an orc knight
  6388 | Bailey   | Noticed an anubis guard
  6388 | Bailey   | an orc knight changed into an anubis guard
  6394 | Bailey   | Killed an anubis guard
  6430 | Bailey   | Received a gift from Nemelex Xobeh
  6615 | Bailey   | Killed an orc knight
  6615 | Bailey   | Reached skill level 1 in Evocations
  6928 | D:7      | Found Yponius's Antique Armour Emporium.
  6944 | D:7      | Reached *** piety under Nemelex Xobeh
  7176 | D:7      | Bought a pair of glowing gloves for 85 gold pieces
  7310 | D:7      | Received a gift from Nemelex Xobeh
  7438 | D:7      | Found a radiant altar of Vehumet.
  7475 | D:7      | Reached skill level 1 in Stealth
  7475 | D:7      | Reached skill level 9 in Shields
  7475 | D:7      | Reached XP level 10. HP: 84/84 MP: 9/9
  7708 | D:8      | Found an opulent altar of Gozag.
  7943 | D:8      | Found Buenejae's Food Emporium.
  7946 | D:8      | Bought a slice of pizza for 16 gold pieces
  7946 | D:8      | Bought a slice of pizza for 16 gold pieces
  7994 | D:8      | Found a shadowy altar of Dithmenos.
  8082 | D:8      | Received a gift from Nemelex Xobeh
  8613 | D:9      | Noticed Maurice
  8624 | D:9      | Killed Maurice
  8681 | D:9      | Reached skill level 10 in Shields
  8766 | D:9      | Found a staircase to the Lair.
  8784 | D:9      | Reached **** piety under Nemelex Xobeh
  8857 | D:9      | Found a staircase to the Orcish Mines.
  8858 | D:9      | Received a gift from Nemelex Xobeh
  9256 | D:9      | Found a burning altar of Makhleb.
  9256 | D:9      | Noticed a cacodemon
  9260 | D:9      | Noticed an orange demon
  9280 | Orc:1    | Entered Level 1 of the Orcish Mines
  9280 | Orc:1    | Noticed an orc sorcerer
  9280 | Orc:1    | Noticed an orc sorcerer
  9282 | Orc:1    | Killed an orc sorcerer
  9282 | Orc:1    | Reached skill level 5 in Maces & Flails
  9357 | Orc:1    | Killed an orc sorcerer
  9496 | Orc:1    | Noticed an orc sorcerer
  9499 | Orc:1    | Noticed an ettin
  9507 | Orc:1    | Paralysed by an orc sorcerer for 2 turns
  9510 | Orc:1    | Noticed an orc knight
  9511 | Orc:1    | Killed an orc sorcerer
  9511 | Orc:1    | Reached XP level 11. HP: 79/94 MP: 8/11
  9536 | D:9      | an orc knight changed into an octopode
  9750 | D:9      | Reached skill level 11 in Shields
  9834 | Orc:1    | Mangled by an ettin

Skill      XL: |  1  2  3  4  5  6  7  8  9 10 11 |
---------------+----------------------------------+-----
Shields        | 4 5 6 8 9 10 11 | 11.0
Armour         | 4 5 6 8 9 |  9.6
Fighting       | 4 5 6 8 |  8.2
Dodging        | 1 2 3 4 |  4.8
Axes           | 3 4 6 |  6.2
Slings         | 1 7 |  7.3
Maces & Flails | 2 5 |  5.9
Evocations     | 1 2 |  2.3
Stealth        | 1 |  1.5
Short Blades   | |  0.7

Action                   |  1- 3 |  4- 6 |  7- 9 | 10-12 || total
-------------------------+-------+-------+-------+-------++-------
Melee: War axe           |    93 |   141 |    80 |     9 ||   323
       Headbutt          |    14 |    18 |    58 |    58 ||   148
       Dagger            |       |     5 |    62 |       ||    67
       Flail             |       |       |   137 |   202 ||   339
       Scythe            |       |       |    20 |       ||    20
 Fire: Hunting sling     |       |       |   137 |       ||   137
Evoke: Deck              |       |       |     5 |     4 ||     9
       Wand              |       |       |    14 |     9 ||    23
  Use: Scroll            |     1 |       |    13 |     2 ||    16
       Potion            |       |     6 |     3 |     3 ||    12
 Stab: Distracted        |       |       |     1 |       ||     1
  Eat: Chunk             |     2 |     6 |     9 |     3 ||    20
       Meat ration       |       |     1 |     1 |     1 ||     3
Armor: Scale mail        |    46 |    63 |       |       ||   109
       Plate armour      |       |    36 |   221 |   129 ||   386
Dodge: Dodged            |    36 |    49 |   100 |    86 ||   271
Block: Shield            |    65 |    74 |   209 |   180 ||   528
